 Dungeon Crawl Stone Soup version 0.29.1-2-gbd0b4ee654 (webtiles) character file.

Game seed: 11370717792626111377

11160 qeuew the Covert (level 12, -8/73 HPs)
             Began as a Kobold Brigand on Nov 8, 2022.
             Was an Initiate of Gozag.
             Mangled by a skeletal warrior
             ... wielding a +0 mace
              (22 damage)
             ... on level 10 of the Dungeon.
             The game lasted 00:27:48 (15856 turns).

qeuew the Covert (Kobold Brigand)                  Turns: 15856, Time: 00:27:48

Health: -8/73      AC: 17    Str:  3    XL:     12   Next: 4%
Magic:  20/20      EV:  9    Int: 11    God:    Gozag
Gold:   197        SH:  0    Dex: 25    Spells: 24/24 levels left

rFire   + . .      SeeInvis .   j - +3 rapier (speed)
rCold   . . .      Faith    .   (no shield)
rNeg    . . .      Spirit   .   l - +4 scale mail {Will+}
rPois   +          Reflect  .   f - +1 hat
rElec   .          Harm     .   c - +0 cloak
rCorr   +          Rampage  .   i - +1 pair of gloves
Will    ++...                   h - +0 pair of boots "Lieqowkur" {rPois rCorr Str-5 Dex+4}
Stlth   +++++.....              (no amulet)
HPRegen 0.22/turn               p - ring of protection from fire
MPRegen 0.17/turn               n - ring of resist corrosion

@: brilliant, hasted, unable to drink, very quick
A: small, no large weapons, nightstalker 3, dopey 1, low MP 1, strong-willed 1,
inability to drink after injury 1
a: Renounce Religion, Potion Petition, Call Merchant, Bribe Branch


You were on level 10 of the Dungeon.
You worshipped Gozag.
Gozag was aware of your devotion.
You visited 2 branches of the dungeon, and saw 12 of its levels.

You collected 1628 gold pieces.
You paid 1431 gold pieces to Gozag.

Inventory:

Hand Weapons
 j - a +3 rapier of speed (weapon)
Missiles
 d - 27 poisoned darts (quivered)
 e - 2 curare-tipped darts
Armour
 c - a +0 cloak (worn)
 f - a +1 hat (worn)
 h - the +0 pair of boots "Lieqowkur" (worn) {rPois rCorr Str-5 Dex+4}
   (You found it on level 4 of the Dungeon)

   Str:       It affects your strength (-5).
   Dex:       It affects your dexterity (+4).
   rPois:     It protects you from poison.
   rCorr:     It protects you from acid and corrosion.
 i - a +1 pair of gloves (worn)
 l - a +4 scale mail of willpower (worn)
Jewellery
 n - a ring of resist corrosion (right hand)
 p - a ring of protection from fire (left hand)
Wands
 a - a wand of light (2)
 m - a wand of flame (17)
 q - a wand of charming (24)
Scrolls
 b - a scroll of silence
 s - a scroll of magic mapping
 t - 2 scrolls of enchant armour
 w - a scroll of identify
Potions
 g - 2 potions of brilliance
 k - a potion of attraction
 r - a potion of curing
 v - a potion of resistance


   Skills:
 + Level 7.9 Fighting
 + Level 9.4 Short Blades
 + Level 7.9 Throwing
 + Level 5.6 Armour
 + Level 8.5 Dodging
 + Level 11.1 Stealth
 + Level 6.8 Spellcasting


You had 24 spell levels left.
You didn't know any spells.
Your spell library contained the following spells:

 Spells                   Type           Power      Damage    Failure   Level
 Apportation              Tloc           10%        N/A       100%        1
 Necrotise                Necr           20%        1d5       100%        1
 Summon Small Mammal      Summ           20%        N/A       100%        1
 Confusing Touch          Hex            5%         N/A       100%        3
 Conjure Flame            Conj/Fire      5%         6-21      100%        3
 Gell's Gravitas          Tloc           5%         N/A       100%        3
 Ignite Poison            Fire/Tmut/Pois 5%         N/A       100%        3
 Inner Flame              Hex/Fire       5%         N/A       100%        3
 Lesser Beckoning         Tloc           5%         N/A       100%        3
 Portal Projectile        Hex/Tloc       10%        N/A       100%        3
 Teleport Other           Tloc           5%         N/A       100%        3
 Tukima's Dance           Hex            5%         N/A       100%        3
 Anguish                  Hex/Necr       2%         N/A       100%        4
 Cause Fear               Hex            2%         N/A       100%        4
 Sticky Flame             Conj/Fire      5%         2d3       100%        4
 Alistair's Intoxication  Tmut/Pois      3%         N/A       100%        5
 Blade Hands              Tmut           2%         N/A       100%        5
 Borgnjor's Vile Clutch   Necr/Erth      2%         N/A       100%        5
 Yara's Violent Unravell  Hex/Tmut       2%         3d3       100%        5
 Eringya's Noxious Bog    Tmut/Pois      2%         N/A       100%        6
 Enfeeble                 Hex            2%         N/A       100%        7
 Discord                  Hex            2%         N/A       100%        8


Dungeon Overview and Level Annotations

Branches:
Dungeon (11/15)            Temple (1/1) D:4            Lair (0/5) D:10
    Orc: D:9-12

Altars:
Ashenzari
Cheibriados
Dithmenos
Elyvilon
Fedhas
Gozag
Hepliaklqana
Kikubaaqudgha
Makhleb
Nemelex Xobeh
Okawaru
Qazlal
Ru
Sif Muna
Trog
Uskayaw
Vehumet
Wu Jian
Xom
Yredelemnul
Zin
The Shining One

Annotations:
D:8 exclusion: ice statue


Innate Abilities, Weirdness & Mutations

You are small and have problems with some larger weapons.
You are completely attuned to the shadows.
You are dopey. (Int -2)
Your magical capacity is low. (-10% MP)
You are strong-willed. (Will+)
You occasionally lose the ability to drink potions when taking damage.


Message History

The skeletal warrior barely misses you.
You hit the skeletal warrior but do no damage.
You punch the skeletal warrior, but do no damage.
The skeletal warrior is moderately damaged.
You barely miss the skeletal warrior.
The skeletal warrior is moderately damaged.
You puncture the skeletal warrior!
The skeletal warrior is heavily damaged.
The skeletal warrior hits you with a +0 mace!
The skeletal warrior hits you but does no damage.
You barely miss the skeletal warrior.
The skeletal warrior is heavily damaged.
You completely miss the skeletal warrior.
The skeletal warrior is heavily damaged.
You hit the skeletal warrior but do no damage.
The skeletal warrior is heavily damaged.
The skeletal warrior hits you with a +0 mace.
* * * LOW HITPOINT WARNING * * *
The skeletal warrior hits you with a +0 short sword.
* * * LOW HITPOINT WARNING * * *
You puncture the skeletal warrior!
The skeletal warrior is severely damaged.
You hit the skeletal warrior but do no damage.
You punch the skeletal warrior, but do no damage.
The skeletal warrior is severely damaged.
You barely miss the skeletal warrior.
The skeletal warrior is severely damaged.
You hit the skeletal warrior but do no damage.
The skeletal warrior is severely damaged.
The skeletal warrior hits you but does no damage.
The skeletal warrior barely misses you.
You barely miss the skeletal warrior.
The skeletal warrior is severely damaged.
You closely miss the skeletal warrior.
The skeletal warrior is severely damaged.
You hit the skeletal warrior but do no damage.
The skeletal warrior is severely damaged.
The skeletal warrior hits you with a +0 mace!!
You die...
Your body crumbles into a pile of gold.

..# #........# ####........ ..#
#........# #........ .##
#........# #........ .#
########## #........ .# #########
## ######.... ###### #.........
.....# ###############.........
.....#####.....z@z...............
...........#############.........
....)####### #......... .....#
#......... ###### ##########


You could see 2 skeletal warriors.

Vanquished Creatures
  Gastronok (D:11)
  2 two-headed ogres
  Urug (D:11)
  Pikel (D:7)
  3 kobold demonologists
  The ghost of fleeber the Digger, a novice GrEE (D:4)
  Grinder (D:4)
  8 yaks
  7 wyverns
  2 shadows (D:10)
  A wraith (D:9)
  A basilisk (D:11)
  A steam dragon (D:7)
  7 vampire mosquitoes
  4 water moccasins
  4 orc warriors
  A black bear (D:8)
  An ice beast (D:7)
  An ogre (D:7)
  A lemure (D:7)
  A bullfrog (D:7)
  3 kobold brigands
  A necrophage (D:5)
  3 scorpions
  4 wights (D:8)
  3 killer bees (D:7)
  3 howler monkeys
  7 orc priests
  3 hounds
  5 iguanas
  8 orc wizards
  4 gnolls (D:7)
  8 adders
  2 river rats (D:4)
  A shadow imp (D:8)
  An ufetubus (D:5)
  3 worms
  2 adder zombies (D:4)
  2 dart slugs
  34 orcs
  4 bats
  10 endoplasms
  7 giant cockroaches
  10 goblins
  13 hobgoblins
  3 jackals (D:2)
  16 kobolds
  3 quokkas
  20 ball pythons
  3 frilled lizards (D:1)
  6 rats
242 creatures vanquished.

Vanquished Creatures (others)
  A fungus (D:10)
  17 plants (D:10)
18 creatures vanquished.

Grand Total: 260 creatures vanquished

Notes
Turn   | Place    | Note
-------+----------+-------------------------------------------
     0 | D:1      | qeuew the Kobold Brigand began the quest for the Orb.
     0 | D:1      | Reached XP level 1. HP: 12/12 MP: 1/1
   267 | D:1      | Reached XP level 2. HP: 17/17 MP: 2/2
   521 | D:1      | Reached XP level 3. HP: 22/22 MP: 2/4
   903 | D:2      | Reached skill level 1 in Spellcasting
   944 | D:2      | Reached XP level 4. HP: 27/27 MP: 5/5
  1207 | D:2      | Found a faded altar of an unknown god.
  1941 | D:2      | Gained mutation: You occasionally lose the ability to drink
                  | potions when taking damage. [potion of mutation]
  1941 | D:2      | Gained mutation: You are dopey. (Int -2) [potion of
                  | mutation]
  1941 | D:2      | Gained mutation: Your magical capacity is low. (-10% MP)
                  | [potion of mutation]
  1941 | D:2      | Gained mutation: You are strong-willed. (Will+) [potion of
                  | mutation]
  2001 | D:3      | Reached XP level 5. HP: 32/32 MP: 6/6
  2286 | D:3      | Reached skill level 1 in Armour
  2561 | D:4      | Reached skill level 6 in Stealth
  2566 | D:4      | Found an ornate altar of the Wu Jian Council.
  2600 | D:4      | Reached XP level 6. HP: 37/37 MP: 7/7
  2642 | D:4      | Found a staircase to the Ecumenical Temple.
  2661 | D:4      | Found a runed translucent gate.
  2662 | D:4      | Found a runed translucent gate.
  2662 | D:4      | Noticed fleeber's ghost (novice GrEE)
  2663 | D:4      | Found a runed translucent gate.
  2664 | D:4      | Found a basalt altar of Yredelemnul.
  2667 | D:4      | Noticed Grinder
  2675 | D:4      | Killed Grinder
  2676 | D:4      | Reached XP level 7. HP: 41/41 MP: 7/9
  2736 | D:4      | Identified the +0 pair of boots "Lieqowkur" {rPois rCorr
                  | Str-5 Dex+4}
  2771 | Temple   | Entered the Ecumenical Temple
  3132 | Temple   | Became a worshipper of Gozag Ym Sagoz the Greedy
  3971 | D:4      | Found a stormy altar of Qazlal.
  4213 | D:4      | Killed fleeber's ghost
  4214 | D:4      | Reached skill level 7 in Stealth
  4214 | D:4      | Reached XP level 8. HP: 20/48 MP: 9/11
  4238 | D:5      | Entered Level 5 of the Dungeon
  4549 | D:5      | Reached skill level 5 in Short Blades
  4681 | D:5      | Found a shadowy altar of Dithmenos.
  5614 | D:6      | Identified the +0 robe of Optimism {Fly rPois rCorr}
  6161 | D:6      | Reached XP level 9. HP: 44/52 MP: 11/13
  6180 | D:6      | Reached skill level 5 in Throwing
  6180 | D:6      | Reached skill level 5 in Dodging
  6524 | D:6      | Found a broken altar of Ashenzari.
  6741 | D:7      | Found a radiant altar of Vehumet.
  6745 | D:7      | Reached skill level 5 in Fighting
  6745 | D:7      | Reached skill level 8 in Stealth
  7239 | D:7      | Noticed Pikel
  7277 | D:7      | Killed Pikel
  7724 | D:7      | Found a blossoming altar of Fedhas.
  8025 | D:7      | Identified a scroll of acquirement
  8026 | D:7      | Acquired a +1 rapier of speed
  8537 | D:8      | Reached XP level 10. HP: 43/60 MP: 15/15
  9094 | D:8      | Noticed a two-headed ogre
  9098 | D:8      | Killed a two-headed ogre
  9099 | D:8      | Reached skill level 9 in Stealth
  9099 | D:8      | Reached skill level 5 in Spellcasting
  9685 | D:8      | Noticed an ice statue
 11550 | D:9      | Found a sparkling altar of Nemelex Xobeh.
 12219 | D:10     | Entered Level 10 of the Dungeon
 12219 | D:10     | Noticed a kobold demonologist
 12271 | D:9      | Noticed an ice devil
 12275 | D:9      | Killed a kobold demonologist
 12413 | D:10     | Noticed a two-headed ogre
 12417 | D:10     | Killed a two-headed ogre
 12418 | D:10     | Reached skill level 10 in Stealth
 12418 | D:10     | Reached XP level 11. HP: 66/66 MP: 16/17
 12502 | D:10     | HP: 3/66 [vampire mosquito (8)]
 12975 | D:10     | Reached skill level 5 in Armour
 14076 | D:10     | Found a staircase to the Lair.
 14997 | D:11     | Found a stormy altar of Qazlal.
 15372 | D:11     | Noticed Urug
 15375 | D:11     | Killed Urug
 15376 | D:11     | Reached skill level 11 in Stealth
 15460 | D:11     | Noticed Gastronok
 15475 | D:11     | Killed Gastronok
 15476 | D:11     | Reached XP level 12. HP: 43/73 MP: 18/20
 15613 | D:11     | Noticed a skeletal warrior
 15615 | D:11     | Noticed a skeletal warrior
 15615 | D:11     | Noticed a skeletal warrior
 15629 | D:11     | Noticed a skeletal warrior
 15856 | D:10     | Mangled by a skeletal warrior

Illustrated notes

Levels and vault maps discovered:
D:1:      scummos_arrival_simple_crosswalls, layout_loops_ring
D:2:      layout_loops_corners, shapermc_ecumenical_altar_starsandcircs
D:3:      layout_rooms
D:4:      layout_cave_pools, mainiacjoe_overflow_six_doors_small,
          lemuel_crystal_altar, nicolae_yredelemnul_ghost_church,
          minmay_temple_entry_mist, portal_sewer_entry_e, uniq_grinder
D:5:      layout_loops_ring, mainiacjoe_overflow_small_starburst
D:6:      layout_loops_ring, kennysheep_mini
D:7:      layout_gridville, nicolae_vehumet_altar_sigil, fedhas_altar_2,
          uniq_pikel
D:8:      lemuel_ice_statue, layout_loops_corners
D:9:      layout_layer_cave, nemelex_diamond_rough_becter
D:10:     layout_roguey, minmay_lair_entry_grove
D:11:     layout_layer_cave, enter_trove_5, nicolae_qazlal_scattered_showers,
          uniq_urug, uniq_gastronok
Temple:   compressed_dpeg_circular_temple

Skill      XL: |  1  2  3  4  5  6  7  8  9 10 11 |
---------------+----------------------------------+-----
Short Blades   | 3 4 5 6 8 9 |  9.4
Spellcasting   | 1 2 3 4 5 6 |  6.8
Dodging        | 2 3 4 6 7 8 |  8.5
Armour         | 1 2 3 4 5 |  5.6
Throwing       | 3 4 5 6 7 |  7.9
Stealth        | 6 7 8 10 11 | 11.1
Fighting       | 3 4 5 6 7 |  7.9

Action                   |  1- 3 |  4- 6 |  7- 9 | 10-12 || total
-------------------------+-------+-------+-------+-------++-------
Melee: Dagger            |    61 |   130 |   366 |       ||   557
       Rapier            |       |       |    40 |   468 ||   508
       Punch             |       |       |     2 |    13 ||    15
Throw: Dart              |       |       |    21 |    11 ||    32
Invok: Potion Petition   |       |       |       |     4 ||     4
  Use: Scroll            |     3 |     2 |    14 |     8 ||    27
       Potion            |       |     4 |     3 |     2 ||     9
 Stab: Sleeping          |    24 |    19 |    24 |     9 ||    76
       Distracted        |       |     1 |       |     1 ||     2
       Invisible         |       |       |     2 |       ||     2
Armor: Ring mail         |    10 |    33 |   107 |    70 ||   220
       Skin              |       |       |       |     3 ||     3
       Scale mail        |       |       |       |    12 ||    12
Dodge: Dodged            |    19 |    54 |   174 |   163 ||   410
